 Dungeon Crawl Stone Soup version 0.20-b1 (webtiles) character file.

78043 Zwobot the Brawler (level 15, -2/134 HPs)
             Began as a Ghoul Monk on May 18, 2017.
             Was the Champion of Uskayaw.
             Slain by a troll (9 damage)
             ... on level 2 of the Orcish Mines.
             The game lasted 00:58:20 (18218 turns).

Zwobot the Brawler (Ghoul Monk)                    Turns: 18218, Time: 00:58:20

Health: -2/134     AC: 17    Str: 23    XL:     15   Next: 58%
Magic:  0/21       EV: 11    Int:  5    God:    Uskayaw [******]
Gold:   2260       SH:  6    Dex:  8    Spells: 3/14 levels left

rFire    + . .     SeeInvis +     - Unarmed
rCold    + . .     Gourm    .   d - +2 buckler {AC+3}
rNeg     + + +     Faith    .   i - +3 ring mail of the Morning Star {Slay+3 SInv}
rPois    ∞         Spirit   +   y - +1 helmet
rElec    .         Reflect  .   P - scarf {Spirit}
rCorr    .         Harm     .   a - +0 pair of gloves
MR       ++...                  (no boots)
Stlth    ++........             f - amulet of regeneration
Regen    0.0/turn               k - ring of Kios {MR+ Str+2 Dex-4 Stlth+}
MPRegen  0.2/turn               E - ring of protection from fire

@: very slightly contaminated, rotting
A: rotting body, claws 1, carnivore 3, cold resistance 1, negative energy
resistance 3, inhibited regeneration, torment resistance, unbreathing
a: Stomp, Line Pass, Grand Finale, Renounce Religion


You were on level 2 of the Orcish Mines.
You worshipped Uskayaw.
Uskayaw was aware of your devotion.
You were not hungry.

You visited 4 branches of the dungeon, and saw 23 of its levels.
You also visited: Labyrinth, Sewer and Ice Cave.

You collected 2260 gold pieces.

Inventory:

Hand Weapons
 n - a +2 blowgun
Missiles
 t - 13 tomahawks (quivered)
 C - 2 throwing nets
Armour
 a - a +0 pair of gloves (worn)
 d - a +2 buckler of protection (worn)
 i - the +3 ring mail of the Morning Star (worn) {Slay+3 SInv}
   (You found it on level 10 of the Dungeon)

   It affects your accuracy and damage with ranged weapons and melee attacks
   (+3).
   It lets you see invisible.
 m - a +0 cloak
 y - a +1 helmet (worn)
 I - a +3 scale mail of positive energy
 K - a +2 ring mail of fire resistance
 P - a scarf of spirit shield (worn)
Jewellery
 c - an uncursed ring of resist corrosion
 f - an amulet of regeneration (around neck)
 k - the ring of Kios (left hand) {MR+ Str+2 Dex-4 Stlth+}
   (You took it off a minotaur in a labyrinth)

   [ring of protection from magic]

   It affects your strength (+2).
   It affects your dexterity (-4).
   It affects your resistance to hostile enchantments.
   It makes you more stealthy.
 D - an uncursed ring of stealth
 E - a ring of protection from fire (right hand)
 M - an uncursed ring of ice
 Y - an uncursed amulet of the gourmand {unknown}
Wands
 j - a wand of paralysis (4/24)
 o - a wand of iceblast (0/15)
 u - a wand of acid (7/15)
 F - a wand of paralysis (16/24)
 N - a wand of acid (7/15)
 O - a wand of acid (7/15)
 T - a wand of disintegration (4/24)
 V - a wand of digging (12/24)
Scrolls
 e - 9 scrolls of remove curse
 r - 2 scrolls of recharging
 s - 2 scrolls of enchant armour
 w - 9 scrolls of teleportation
 x - 2 scrolls of magic mapping
 z - 2 scrolls of fog
 L - a scroll of immolation
 Q - 4 scrolls of identify
 U - 4 scrolls of enchant weapon
Potions
 g - 6 potions of flight
 l - 2 potions of brilliance
 p - 8 potions of curing
 q - 2 potions of haste
 A - a potion of resistance
 B - 2 potions of might
 J - 2 potions of ambrosia
 R - 2 potions of agility
 W - 2 potions of heal wounds
 X - a potion of magic {unknown}
Miscellaneous
 v - a sack of spiders
 G - a lamp of fire
Comestibles
 b - 8 meat rations
 h - 9 royal jellies
 S - 7 chunks of flesh


   Skills:
 + Level 12.6 Fighting
 + Level 11.2 Armour
 - Level 2.6 Dodging
 - Level 2.1 Stealth
 - Level 4.0 Shields
 * Level 19.8 Unarmed Combat
 + Level 9.4 Invocations


You had 3 spell levels left.
You knew the following spells:

 Your Spells              Type           Power        Failure   Level  Hunger
a - Blink                 Tloc           N/A          75%         2    ###....
b - Corpse Rot            Necr           N/A          75%         2    ###....
c - Apportation           Tloc           #.....       58%         1    ##.....
d - Dispersal             Tloc           #.........   100%        6    #######


Dungeon Overview and Level Annotations

Branches:
Dungeon (14/15)            Temple (1/1) D:6            Lair (6/6) D:9
 Shoals (0/4) Lair:3       Spider (0/4) Lair:3        Slime (0/5) Lair:6
    Orc (2/2) D:11            Elf (0/3) Orc:2
 Vaults: D:13-14

Altars:
Ashenzari
Cheibriados
Dithmenos
Elyvilon
Fedhas
Gozag
Hepliaklqana
Kikubaaqudgha
Makhleb
Nemelex Xobeh
Okawaru
Qazlal
Ru
Sif Muna
Trog
Uskayaw
Vehumet
Xom
Yredelemnul
Zin
The Shining One

Shops:
D:5 %   D:11 *

Annotations:
D:2 Sigmund
D:5 2 transporters


Innate Abilities, Weirdness & Mutations

Your body is rotting away.
You thrive on raw meat.
You are immune to poison.
You have sharp fingernails.
You are carnivorous and can eat meat at any time.
Your flesh is cold resistant. (rC+)
You are immune to negative energy. (rN+++)
You do not regenerate when monsters are visible.
You are immune to unholy pain and torment.
You can survive without breathing.


Message History

You block the warg's attack. You block the orc's attack.
The orc warrior hits you but does no damage.
The orc priest barely misses you.
You punch the warg!
The warg is severely wounded.
The warg bites you.
* * * LOW HITPOINT WARNING * * *
The troll bites you but does no damage. The troll misses you.
The troll claws you but does no damage. You block the warg's attack.
Uskayaw links your audience in an emotional bond!
Okay, then.
You feel better. The warg misses you.
The orc warrior hits you with a war axe.
* * * LOW HITPOINT WARNING * * *
The orc priest hits you but does no damage.
The orc hits you with a mace.
* * * LOW HITPOINT WARNING * * *
The warg barely misses you. You block the troll's attack.
The troll claws you but does no damage. The troll claws you!
You die...

#### ## ###
#####..##.##...#
##..#...)........
#.)[..)))).......
#.o..))))<)......
##T#o)#..)†......
#(.@ho.........h#
#(oho...........o
##......$.......#
#.........>...#.
#............$h.
#..$.......#..#.
...........
....#.....


You could see a troll, 2 wargs, an orc warrior, an orc priest and 3 orcs.

Vanquished Creatures
  Kirke (D:12)
  A frost giant (IceCv)
  An orc warlord (Orc:2)
  Snorg (D:13)
  An ettin (D:13)
  A minotaur (Lab)
  Josephine (Orc:1)
  Fannar (Lair:1)
  7 hydras
  Erolcha (Orc:1)
  A rakshasa (D:13)
  A centaur warrior (D:13)
  Erica (Lair:1)
  5 death yaks
  A catoblepas (Lair:6)
  A two-headed ogre (D:11)
  A tengu warrior (D:13)
  An orc high priest (D:11)
  Nergalle (Lair:3)
  A deep elf knight (D:13)
  The ghost of dvd the Blocker, a novice FoFi of Okawaru (D:7)
  3 unseen horrors
  The ghost of MTVSty1e the Fighter, a novice MiFi of Okawaru (D:6)
  3 oklob plants
  A phantasmal warrior (D:13)
  2 manticores
  3 ugly things (D:13)
  16 elephants
  2 cyclopes
  4 black mambas
  A centaur zombie (D:11)
  Psyche (D:11)
  2 ice statues (IceCv)
  2 gargoyles
  8 spiny frogs
  2 kobold demonologists
  A rime drake (Lair:6)
  A freezing wraith (D:13)
  9 komodo dragons
  A tengu conjurer (D:13)
  3 trolls
  15 polar bears
  8 blink frogs
  The ghost of George the Slasher, an amateur DsFi (D:5)
  5 hornets
  Grinder (D:3)
  5 hippogriffs
  8 dream sheep
  13 spriggans (Lair:6)
  A shadow (D:11)
  3 wyverns
  4 wraiths
  3 hogs (D:12)
  2 basilisks
  44 yaks
  5 humans
  A hungry ghost (D:6)
  2 vampire mosquitoes (D:13)
  Edmund (D:4)
  6 swamp worms (Lair:4)
  A warg (Orc:2)
  10 water moccasins
  Purgy (Sewer)
  2 phantoms
  5 porcupines
  13 orc warriors
  11 ice beasts
  8 black bears
  4 sky beasts
  2 eyes of draining
  29 wolves
  4 boggarts (Lair:6)
  A necrophage (D:11)
  3 ogres
  4 centaurs
  13 crocodiles
  A big kobold (D:7)
  12 bullfrogs
  A wyvern zombie (D:10)
  A gnoll sergeant (D:6)
  7 scorpions
  3 wights (D:10)
  4 electric eels
  A howler monkey (D:4)
  4 crimson imps
  2 quasits
  4 centaur skeletons
  3 hounds
  2 jellies
  10 orc priests
  A bullfrog skeleton (D:13)
  12 orc wizards
  An iguana (D:8)
  14 worker ants
  A hound skeleton (D:3)
  A worker ant zombie (D:3)
  6 gnolls (D:6)
  2 howler monkey zombies
  A howler monkey skeleton (D:3)
  14 adders
  A shadow imp (D:10)
  2 oozes (D:3)
  An adder skeleton (D:4)
  16 worms
  2 dart slugs
  4 leopard geckos
  67 orcs
  A ball python (D:2)
  12 bats
  7 giant cockroaches
  4 goblins
  5 hobgoblins
  11 jackals
  7 kobolds
  A quokka (D:2)
  7 frilled lizards
  A giant cockroach zombie (D:3)
  A leopard gecko skeleton (D:4)
  A quokka skeleton (D:3)
  9 rats
  2 fungi
606 creatures vanquished.

Vanquished Creatures (others)
  Maurice (Orc:2)
  A worker ant (D:13)
  8 fungi
  2 plants (Lair:4)
12 creatures vanquished.

Grand Total: 618 creatures vanquished

Notes
Turn   | Place    | Note
-------+----------+-------------------------------------------
     0 | D:1      | Zwobot the Ghoul Monk began the quest for the Orb.
     0 | D:1      | Reached XP level 1. HP: 19/19 MP: 0/0
   121 | D:1      | Reached XP level 2. HP: 26/26 MP: 1/1
   201 | D:1      | Reached skill level 4 in Unarmed Combat
   646 | D:2      | Found a deep blue altar of Sif Muna.
   680 | D:2      | Reached XP level 3. HP: 29/31 MP: 2/2
   692 | D:2      | Noticed Sigmund
  1103 | D:3      | Reached skill level 5 in Unarmed Combat
  1243 | D:3      | Reached XP level 4. HP: 38/38 MP: 3/3
  1399 | D:3      | Reached skill level 6 in Unarmed Combat
  1427 | D:3      | Reached XP level 5. HP: 39/45 MP: 4/4
  1434 | D:3      | Noticed Grinder
  1435 | D:3      | Paralysed by Grinder for 3 turns
  1450 | D:3      | Paralysed by Grinder for 5 turns
  1461 | D:3      | Paralysed by Grinder for 7 turns
  1487 | D:3      | Killed Grinder
  1487 | D:3      | Reached skill level 7 in Unarmed Combat
  1487 | D:3      | Reached XP level 6. HP: 32/51 MP: 2/5
  1832 | D:3      | Reached skill level 8 in Unarmed Combat
  1834 | D:3      | Found a glowing golden altar of the Shining One.
  1834 | D:3      | Found a glowing silver altar of Zin.
  1834 | D:3      | Found a white marble altar of Elyvilon.
  2007 | D:4      | Reached XP level 7. HP: 54/57 MP: 6/6
  2010 | D:4      | Noticed Edmund
  2044 | D:4      | Killed Edmund
  2044 | D:4      | Reached skill level 9 in Unarmed Combat
  2162 | D:4      | Found a glowing drain.
  2196 | Sewer    | Entered a sewer
  2243 | Sewer    | Noticed Purgy
  2257 | Sewer    | Killed Purgy
  2474 | D:4      | Found a burning altar of Makhleb.
  2486 | D:4      | Reached skill level 10 in Unarmed Combat
  2840 | D:2      | Reached XP level 8. HP: 60/63 MP: 7/7
  2926 | D:2      | Found a faded altar of an unknown god.
  3183 | D:2      | Became a worshipper of Uskayaw the Reveler
  3183 | D:2      | Reached * piety under Uskayaw
  3183 | D:2      | Reached ** piety under Uskayaw
  3252 | D:5      | Entered Level 5 of the Dungeon
  3308 | D:5      | Got a fine chain mail
  3325 | D:5      | Identified the cursed +0 chain mail of Ifysch {MR+ Str-4 Dex+2} (You found it on level 5 of the Dungeon)
  3361 | D:5      | Noticed George's ghost (amateur DsFi)
  3362 | D:5      | Found a sparkling altar of Nemelex Xobeh.
  3373 | D:5      | Reached *** piety under Uskayaw
  3374 | D:5      | Killed George's ghost
  3411 | D:5      | Found a bloodstained altar of Trog.
  3475 | D:5      | Reached skill level 11 in Unarmed Combat
  3536 | D:5      | Found a snail-covered altar of Cheibriados.
  3536 | D:5      | Found a blossoming altar of Fedhas.
  3536 | D:5      | Noticed a freezing wraith
  3599 | D:5      | Found an opulent altar of Gozag.
  3728 | D:5      | Found Veamp's Food Boutique.
  3824 | D:6      | Noticed MTVSty1e's ghost (novice MiFi)
  3839 | D:6      | Reached **** piety under Uskayaw
  3841 | D:6      | Killed MTVSty1e's ghost
  3841 | D:6      | Reached skill level 12 in Unarmed Combat
  3841 | D:6      | Reached XP level 9. HP: 29/70 MP: 8/8
  4237 | D:6      | Reached skill level 13 in Unarmed Combat
  4268 | D:6      | Found a staircase to the Ecumenical Temple.
  4324 | Temple   | Entered the Ecumenical Temple
  4642 | D:6      | Found a deep blue altar of Sif Muna.
  4846 | D:7      | Found a shattered altar of Ashenzari.
  4896 | D:7      | Reached skill level 1 in Armour
  5134 | D:7      | Noticed dvd's ghost (novice FoFi)
  5156 | D:7      | Killed dvd's ghost
  5156 | D:7      | Reached XP level 10. HP: 31/80 MP: 9/9
  5232 | D:7      | Learned a level 2 spell: Blink
  5377 | D:7      | Reached skill level 5 in Fighting
  5806 | D:8      | Found a shadowy altar of Dithmenos.
  6356 | D:9      | Reached skill level 5 in Armour
  6494 | D:9      | Found a staircase to the Lair.
  6499 | D:9      | Reached skill level 14 in Unarmed Combat
  6508 | D:9      | Reached ***** piety under Uskayaw
  6716 | D:9      | You fall through a shaft for 3 floors!
  6717 | D:12     | Noticed Snorg
  7031 | D:11     | Noticed a two-headed ogre
  7036 | D:11     | Killed a two-headed ogre
  7090 | D:11     | Found Hedeaj's General Store.
  7113 | D:11     | Found a staircase to the Orcish Mines.
  7133 | D:11     | Noticed an orc high priest
  7141 | D:11     | Killed an orc high priest
  7141 | D:11     | Reached XP level 11. HP: 89/92 MP: 10/10
  7171 | D:10     | Entered Level 10 of the Dungeon
  7318 | D:11     | Reached skill level 15 in Unarmed Combat
  7524 | D:11     | Noticed a cyclops
  7536 | D:11     | Killed a cyclops
  7573 | D:11     | Noticed Psyche
  7584 | D:11     | Killed Psyche
  7647 | D:11     | Noticed a soul eater
  7904 | D:10     | Got a twisted ring mail
  7915 | D:10     | Identified the +3 ring mail of the Morning Star {Slay+3 SInv} (You found it on level 10 of the Dungeon)
  8358 | D:10     | Reached skill level 16 in Unarmed Combat
  8500 | D:12     | Noticed Kirke
  8508 | D:12     | Noticed a sphinx
  8517 | D:12     | Noticed a lindwurm
  8520 | D:12     | Killed Kirke
  8520 | D:12     | Reached XP level 12. HP: 60/104 MP: 11/11
  8561 | D:12     | Identified a scroll of acquirement
  8838 | D:12     | Reached skill level 1 in Shields
  9225 | D:13     | Learned a level 2 spell: Corpse Rot
  9296 | D:13     | Noticed a five-headed hydra
  9319 | D:13     | HP: 5/101 [five-headed hydra (1)]
  9338 | D:13     | Killed a five-headed hydra
  9885 | D:13     | Reached skill level 1 in Invocations
  9904 | D:13     | Noticed a five-headed hydra
  9914 | D:13     | Killed a five-headed hydra
  9979 | D:13     | Noticed a four-headed hydra
  9980 | D:13     | Noticed a rakshasa
  9989 | D:13     | Killed a four-headed hydra
  9997 | D:13     | Killed a rakshasa
 10099 | D:13     | Noticed a deep elf knight
 10100 | D:13     | Noticed an ettin
 10113 | D:13     | Killed a deep elf knight
 10113 | D:13     | Reached skill level 17 in Unarmed Combat
 10117 | D:13     | Killed an ettin
 10117 | D:13     | Reached XP level 13. HP: 82/113 MP: 14/14
 10224 | D:13     | Killed Snorg
 10224 | D:13     | Reached skill level 10 in Fighting
 10822 | Lair:1   | Entered Level 1 of the Lair of Beasts
 10839 | Lair:1   | Noticed Fannar
 10856 | Lair:1   | Killed Fannar
 10896 | Lair:1   | Noticed Erica
 10911 | Lair:1   | Killed Erica
 10911 | Lair:1   | Reached skill level 5 in Invocations
 12254 | Lair:3   | Noticed Nergalle
 12277 | Lair:3   | Killed Nergalle
 12283 | Lair:3   | Found a labyrinth entrance.
 12293 | Lab      | Entered a labyrinth
 12413 | Lab      | Noticed a minotaur
 12426 | Lab      | Killed a minotaur
 12428 | Lab      | Got a scintillating copper ring
 12432 | Lab      | Identified the Reference Book on Enthralling Orientation
 12436 | Lab      | Learned a level 1 spell: Apportation
 12443 | Lab      | Learned a level 6 spell: Dispersal
 12470 | Lair:3   | Found a hole to the Spider Nest.
 12498 | Lair:3   | Identified the ring of Kios {MR+ Str+2 Dex-4 Stlth+} (You took it off a minotaur in a labyrinth)
 12515 | Lair:3   | Found a frozen archway.
 12546 | IceCv    | Entered an ice cave
 12604 | IceCv    | Reached skill level 18 in Unarmed Combat
 13028 | IceCv    | Reached XP level 14. HP: 100/124 MP: 17/17
 13080 | IceCv    | Noticed a frost giant
 13103 | IceCv    | Killed a frost giant
 13678 | Lair:3   | Found a staircase to the Shoals.
 14150 | Lair:4   | Reached skill level 10 in Armour
 15646 | Lair:6   | Entered Level 6 of the Lair of Beasts
 15971 | Lair:6   | Reached skill level 19 in Unarmed Combat
 16127 | Lair:6   | Reached ****** piety under Uskayaw
 16181 | Lair:6   | Found a staircase to the Slime Pits.
 16347 | Lair:6   | Reached XP level 15. HP: 132/132 MP: 20/20
 17568 | Orc:1    | Entered Level 1 of the Orcish Mines
 17792 | Orc:1    | Found Zugavi Hoyh's Antique Armour Shoppe.
 18006 | Orc:1    | Noticed Josephine
 18032 | Orc:1    | Killed Josephine
 18034 | Orc:1    | Noticed Erolcha
 18050 | Orc:1    | Killed Erolcha
 18163 | Orc:2    | Entered Level 2 of the Orcish Mines
 18163 | Orc:2    | Found a staircase to the Elven Halls.
 18163 | Orc:2    | Noticed an orc warlord
 18172 | Orc:2    | Noticed Maurice
 18201 | Orc:2    | Killed Maurice
 18211 | Orc:2    | Killed an orc warlord
 18217 | Orc:2    | HP: 6/134 [warg (4)]
 18218 | Orc:2    | Slain by a troll

Skill      XL: |  1  2  3  4  5  6  7  8  9 10 11 12 13 14 15 |
---------------+----------------------------------------------+-----
Unarmed Combat | 4 5 6 7 8 10 12 13 14 16 17 18 19 | 19.8
Armour         | 3 6 7 8 9 10 11 | 11.2
Fighting       | 4 7 9 11 12 | 12.6
Shields        | 4 |  4.0
Invocations    | 3 6 8 9 |  9.4
Dodging        | |  2.6
Stealth        | |  2.1

Action                   |  1- 3 |  4- 6 |  7- 9 | 10-12 | 13-15 || total
-------------------------+-------+-------+-------+-------+-------++-------
Melee: Unarmed           |    98 |   106 |   350 |   483 |  1017 ||  2054
       Punch             |     2 |     3 |    10 |    23 |       ||    38
       Dagger            |       |       |       |    11 |       ||    11
Throw: Tomahawk          |       |       |       |     1 |       ||     1
Invok: Stomp             |       |       |       |       |     3 ||     3
       Line Pass         |       |       |       |       |     1 ||     1
Evoke: Wand              |       |       |       |     4 |     5 ||     9
       Lamp of fire      |       |       |       |     1 |       ||     1
       Sack of spiders   |       |       |       |     1 |       ||     1
  Use: Potion            |     3 |     2 |     2 |     3 |     3 ||    13
       Scroll            |       |       |     2 |    20 |     7 ||    29
 Stab: Paralysed         |       |       |     7 |    18 |    89 ||   114
       Sleeping          |       |       |       |     2 |     3 ||     5
  Eat: Chunk             |     8 |    11 |    36 |    48 |   144 ||   247
       Meat ration       |     1 |       |       |       |       ||     1
Armor: Robe              |     5 |       |       |       |       ||     5
       Leather armour    |     7 |       |       |       |       ||     7
       Chain mail        |    16 |    47 |   183 |     1 |       ||   247
       Plate armour      |       |       |       |   151 |       ||   151
       Ring mail         |       |       |       |    80 |   367 ||   447
Dodge: Dodged            |    58 |    30 |    94 |   153 |   391 ||   726
Block: Buckler           |       |       |       |    31 |   249 ||   280
